 Dungeon Crawl Stone Soup version 0.29.1-15-g9cfb28693d (webtiles) character file.

Game seed: 17738518682285102425

21 Heoruswealwe the Conjurer (level 2, 15/15 HPs)
             Began as a Deep Elf Conjurer on Mar 6, 2023.
             Got out of the dungeon alive.
             The game lasted 00:07:49 (663 turns).

Heoruswealwe the Conjurer (Deep Elf Conjurer)        Turns: 663, Time: 00:07:49

Health: 15/15      AC:  3    Str:  4    XL:     2   Next: 62%
Magic:  8/8        EV: 12    Int: 22    God:
Gold:   3          SH:  5    Dex: 13    Spells: 7/8 levels left

rFire   . . .      SeeInvis .   c - +1 short sword
rCold   . . .      Faith    .   (no shield)
rNeg    . . .      Spirit   .   a - +0 robe
rPois   .          Reflect  +   (no helmet)
rElec   .          Harm     .   d - +0 cloak
rCorr   .          Rampage  .   (no gloves)
Will    .....                   (no boots)
Stlth   ++........              g - amulet of reflection
HPRegen 0.05/turn               (no ring)
MPRegen 0.11/turn               (no ring)

@: fire susceptible
A: no striking features
a: no special abilities


You escaped.
You visited 1 branch of the dungeon, and saw 1 of its levels.

You collected 3 gold pieces.

Inventory:

Hand Weapons
 c - a +1 short sword (weapon)
Armour
 a - a +0 robe (worn)
 d - a +0 cloak (worn)
Jewellery
 g - an amulet of reflection (around neck)
Potions
 b - a potion of magic
 e - a potion of might


   Skills:
 - Level 2.4 Dodging
 - Level 2.4 Stealth
 + Level 3.8 Spellcasting
 + Level 4.8 Conjurations


You had 7 spell levels left.
You knew the following spells:

 Your Spells              Type           Power      Damage    Failure   Level
a - Magic Dart            Conj           100%       1d8       1%          1

Your spell library contained the following spells:

 Spells                   Type           Power      Damage    Failure   Level
 Searing Ray              Conj           50%        2d6       2%          2
 Summon Small Mammal      Summ           16%        N/A       12%         1
 Dazzling Flash           Conj/Hex       30%        N/A       13%         3
 Call Canine Familiar     Summ           4%         N/A       34%         3
 Confusing Touch          Hex            4%         N/A       34%         3
 Summon Guardian Golem    Hex/Summ       4%         N/A       34%         3
 Fulminant Prism          Conj/Hex       7%         3d7       38%         4
 Iskenderun's Mystic Bla  Conj/Tloc      15%        2d5       38%         4
 Yara's Violent Unravell  Hex/Tmut       2%         3d3       97%         5
 Enfeeble                 Hex            2%         N/A       100%        7


Dungeon Overview and Level Annotations

Branches:
Dungeon (1/15)

Altars:
Ignis


Message History

Ignis welcomes you!
Really renounce your faith, foregoing its fabulous benefits?
Are you sure?
You have lost your religion!
Ignis blazes with a vengeful fury!
Ignis burns away your resistance to fire.
Found a sling.
You see here a +0 dagger.
You open the door.
Found a scroll labelled QISEROPLOERR.
j - a scroll labelled QISEROPLOERR You open the door.
There is an open door here.
You open the door.
Found a stone staircase leading down.
There is an open door here.
Done exploring.
Done exploring.
As you read the scroll labelled RAOCLE GOAF, it crumbles to dust.
It is a scroll of identify.
e - a potion of might
As you read the scroll labelled QISEROPLOERR, it crumbles to dust.
It is a scroll of enchant weapon.
Your +0 short sword glows red for a moment.
It was a potion of lignification.
You turn into a tree.
Your +0 cloak melds into your body.
Your +0 robe melds into your body.
Your roots penetrate the ground.
You start waiting.
Your transformation is almost over.
HP restored.
You feel less wooden.
Your +0 cloak unmelds from your body.
Your +0 robe unmelds from your body.
It was a potion of curing.
You feel better.
There is an open door here.
You enter the shallow water.
Moving in this stuff is going to be slow.
There is a staircase leading out of the dungeon here.
Okay, then.
Are you sure you want to leave the Dungeon?
This will make you lose the game!
You have escaped!

.....###......#.### #.#
.....###......#.#########.#
#######..######...........#
#.########.##########
#.#≈≈≈≈≈≈≈.≈≈≈≈≈≈≈#
#.#≈≈≈≈≈.....≈≈≈≈≈#
#.#≈≈....~~~....≈≈#
#.#≈...~~~.~~~...≈#
#.....~~~.@..~~..≈#
###≈...~~~.~~~...≈#
#≈≈....~~~....≈≈#
#≈≈≈≈≈.....≈≈≈≈≈#
#≈≈≈≈≈≈≈≈≈≈≈≈≈≈≈#
#################


There were no monsters in sight!

Vanquished Creatures
  A dart slug (D:1)
  4 bats (D:1)
  An endoplasm (D:1)
  A giant cockroach (D:1)
  2 goblins (D:1)
  A kobold (D:1)
  A quokka (D:1)
  6 ball pythons (D:1)
  A rat (D:1)
18 creatures vanquished.

Notes
Turn   | Place    | Note
-------+----------+-------------------------------------------
     0 | D:1      | Heoruswealwe the Deep Elf Conjurer began the quest for the
                  | Orb.
     0 | D:1      | Reached XP level 1. HP: 10/10 MP: 6/6
   241 | D:1      | Reached XP level 2. HP: 15/15 MP: 5/8
   483 | D:1      | Found a faded altar of an unknown god.
   490 | D:1      | Prayed at the altar of an unknown god.
   490 | D:1      | Became a worshipper of Ignis, the Dying Flame
   492 | D:1      | Fell from the grace of Ignis
   663 | D:$      | Got out of the dungeon alive.

Illustrated notes

Levels and vault maps discovered:
D:1:      dpeg_arrival_shrine, layout_basic, ebering_ecumenical_altar_hall

Action                   || total
-------------------------++-------
 Cast: Magic Dart        ||    29
Invok: Renounce Religion ||     1
  Use: Scroll            ||     2
       Potion            ||     2
Armor: Robe              ||     1
Dodge: Dodged            ||     3
